HSSL
OVERLAND PARK HS TRIPLETS @ MARIS SCHOOL MARINERS
05/18/2029
 
TOP OF THE 1ST
Overland Park HS Triplets batting - Pitching for Maris School Mariners : LHP Marc O'Dwyer
Pitching: LHP Marc O'Dwyer
Batting: LHB Esteban Pérez 0-0: Swinging Strike
0-1: Foul Ball, location: 2F
0-2: Ball
1-2: Ball
2-2: Ball
3-2: Strikes out swinging
Batting: LHB José Mendoza 0-0: Ball
1-0: Foul Ball, location: 2F
1-1: Ball
2-1: Foul Ball, location: 2F
2-2: Strikes out looking
Batting: RHB Emery Cooper 0-0: Called Strike
0-1: Swinging Strike
0-2: Ball
1-2: Ball
2-2: Foul Ball, location: 2F
2-2: Strikes out swinging
Top of the 1st over - 0 runs, 0 hits, 0 errors, 0 left on base; Overland Park HS 0 - Maris School 0
BOTTOM OF THE 1ST
Maris School Mariners batting - Pitching for Overland Park HS Triplets : RHP Steve Clements
Pitching: RHP Steve Clements
Batting: LHB Alexander Randolph 0-0: Ball
1-0: Ball
2-0: Called Strike
2-1: Foul Ball, location: 2F
2-2: Strikes out swinging
Batting: SHB Rob Nelson 0-0: Ball
1-0: Ball
2-0: DOUBLE (Flyball, 78D)
Batting: RHB Neal Sánchez 0-0: Foul Ball, location: 2F
0-1: Ball
1-1: Ball
2-1: Foul Ball, location: 2F
2-2: Foul Ball, location: 2F
2-2: Ball
3-2: Foul Ball, location: 2F
3-2: Base on Balls
Batting: RHB Grant Reynolds 0-0: Ball
1-0: Called Strike
1-1: Ball
2-1: Ground out 5-3 (Groundball, 56S)
Rob Nelson to third
Neal Sánchez to second
Batting: LHB Miguel Martínez 0-0: Called Strike
0-1: Ball
1-1: Foul Ball, location: 2F
1-2: Foul Ball, location: 2F
1-2: Strikes out swinging
Bottom of the 1st over - 0 runs, 1 hit, 0 errors, 2 left on base; Overland Park HS 0 - Maris School 0
TOP OF THE 2ND
Overland Park HS Triplets batting - Pitching for Maris School Mariners : LHP Marc O'Dwyer
Batting: RHB Alex Moran 0-0: Ball
1-0: Fly out, F6 (Flyball, 6D)
Batting: RHB Scott Hurley 0-0: Called Strike
0-1: Ball
1-1: Ball
2-1: Ball
3-1: Ground out 6-3 (Groundball, 6S)
Batting: RHB Eddie Stanton 0-0: Foul Ball, location: 2F
0-1: Ball
1-1: Foul Ball, location: 2F
1-2: Strikes out looking
Top of the 2nd over - 0 runs, 0 hits, 0 errors, 0 left on base; Overland Park HS 0 - Maris School 0
BOTTOM OF THE 2ND
Maris School Mariners batting - Pitching for Overland Park HS Triplets : RHP Steve Clements
Batting: SHB Albert Montgomery 0-0: Ball
1-0: Foul Ball, location: 2F
1-1: Ball
2-1: Foul Ball, location: 2F
2-2: Ball
3-2: Foul Ball, location: 2F
3-2: Base on Balls
Batting: RHB John Verville 0-0: Ball
1-0: Ball
2-0: Called Strike
2-1: Ball
3-1: Base on Balls
Albert Montgomery to second
Batting: RHB Dusty Pope 0-0: Ball
1-0: Ball
2-0: Fly out, F8 (Flyball, 89D)
Batting: RHB Ed Lovett 0-0: Foul Ball, location: 2F
0-1: Fly out, F9 (Flyball, 89S)
Batting: LHB Alexander Randolph 0-0: Ball
1-0: Called Strike
1-1: Ball
2-1: Called Strike
2-2: Strikes out swinging
Bottom of the 2nd over - 0 runs, 0 hits, 0 errors, 2 left on base; Overland Park HS 0 - Maris School 0
TOP OF THE 3RD
Overland Park HS Triplets batting - Pitching for Maris School Mariners : LHP Marc O'Dwyer
Batting: RHB Al Kelly 0-0: Ball
1-0: Foul Ball, location: 2F
1-1: Ball
2-1: Swinging Strike
2-2: Ball
3-2: Fly out, F8 (Flyball, 8RD)
Batting: SHB John Hansen 0-0: Ball
1-0: Ball
2-0: SINGLE (Groundball, 34D)
Batting: RHB Paco Tapia 0-0: Ball
1-0: Foul Ball, location: 2F
1-1: Ball
2-1: Foul Ball, location: 2F
2-2: Strikes out swinging
Batting: LHB Esteban Pérez 0-0: Called Strike
0-1: Called Strike
0-2: Ground out 1-3 (Groundball, P)
Top of the 3rd over - 0 runs, 1 hit, 0 errors, 1 left on base; Overland Park HS 0 - Maris School 0
BOTTOM OF THE 3RD
Maris School Mariners batting - Pitching for Overland Park HS Triplets : RHP Steve Clements
Batting: SHB Rob Nelson 0-0: Ball
1-0: SINGLE (Flyball, 89S)
Batting: RHB Neal Sánchez 0-0: Ball
1-0: Fly out, F7 (Flyball, 7LD)
Batting: RHB Grant Reynolds 0-0: Swinging Strike
0-1: Called Strike
0-2: Strikes out looking
Batting: LHB Miguel Martínez 0-0: Foul Ball, location: 2F
0-1: Ball
1-1: SINGLE (Groundball, 56D)
Rob Nelson to second
Batting: SHB Albert Montgomery 0-0: Ball
1-0: Called Strike
1-1: Ball
2-1: Ball
3-1: Base on Balls
Rob Nelson to third
Miguel Martínez to second
Batting: RHB John Verville 0-0: Ball
1-0: Called Strike
1-1: Swinging Strike
1-2: Ball
2-2: Ball
3-2: Foul Ball, location: 2F
3-2: Base on Balls
Rob Nelson scores
Miguel Martínez to third
Albert Montgomery to second
Batting: RHB Dusty Pope 0-0: Called Strike
0-1: Ball
1-1: Fly out, F8 (Flyball, 8RS)
Bottom of the 3rd over - 1 run, 2 hits, 0 errors, 3 left on base; Overland Park HS 0 - Maris School 1
TOP OF THE 4TH
Overland Park HS Triplets batting - Pitching for Maris School Mariners : LHP Marc O'Dwyer
Batting: LHB José Mendoza 0-0: Ball
1-0: Swinging Strike
1-1: Bunted foul
1-2: Ball
2-2: Fly out, F8 (Flyball, 8RM)
Batting: RHB Emery Cooper 0-0: Called Strike
0-1: Ball
1-1: Foul Ball, location: 2F
1-2: Strikes out swinging
Batting: RHB Alex Moran 0-0: Foul Ball, location: 2F
0-1: Ball
1-1: Foul Ball, location: 2F
1-2: Ground out 6-3 (Groundball, 6)
Top of the 4th over - 0 runs, 0 hits, 0 errors, 0 left on base; Overland Park HS 0 - Maris School 1
BOTTOM OF THE 4TH
Maris School Mariners batting - Pitching for Overland Park HS Triplets : RHP Steve Clements
Batting: RHB Ed Lovett 0-0: SINGLE (Groundball, 6MD)
Batting: LHB Alexander Randolph 0-0: Ball
1-0: Ball
2-0: Grounds into double play, 4-6-3 (Groundball, 4)
Batting: SHB Rob Nelson 0-0: Swinging Strike
0-1: Called Strike
0-2: Ball
1-2: Ground out U3 (Groundball, 3)
Bottom of the 4th over - 0 runs, 1 hit, 0 errors, 0 left on base; Overland Park HS 0 - Maris School 1
TOP OF THE 5TH
Overland Park HS Triplets batting - Pitching for Maris School Mariners : LHP Marc O'Dwyer
Batting: RHB Scott Hurley 0-0: Ground out 3-1 (Groundball, 34)
Batting: RHB Eddie Stanton 0-0: Ball
1-0: Called Strike
1-1: Called Strike
1-2: Strikes out swinging
Batting: RHB Al Kelly 0-0: Fly out, F8 (Flyball, 8RM)
Top of the 5th over - 0 runs, 0 hits, 0 errors, 0 left on base; Overland Park HS 0 - Maris School 1
BOTTOM OF THE 5TH
Maris School Mariners batting - Pitching for Overland Park HS Triplets : RHP Steve Clements
Pitching: RHP Don White
Batting: RHB Neal Sánchez 0-0: Foul Ball, location: 2F
0-1: Ball
1-1: Foul Ball, location: 2F
1-2: Ball
2-2: Fly out, F7 (Flyball, 78D)
Batting: RHB Grant Reynolds 0-0: Foul Ball, location: 2F
0-1: Ball
1-1: Swinging Strike
1-2: Ball
2-2: Strikes out swinging
Batting: LHB Miguel Martínez 0-0: Called Strike
0-1: Called Strike
0-2: Foul Ball, location: 2F
0-2: Ball
1-2: Strikes out swinging
Bottom of the 5th over - 0 runs, 0 hits, 0 errors, 0 left on base; Overland Park HS 0 - Maris School 1
TOP OF THE 6TH
Overland Park HS Triplets batting - Pitching for Maris School Mariners : LHP Marc O'Dwyer
Batting: SHB John Hansen 0-0: Foul Ball, location: 2F
0-1: Ball
1-1: Ball
2-1: Ball
3-1: Called Strike
3-2: Strikes out looking
Batting: RHB Paco Tapia 0-0: Ball
1-0: Ball
2-0: Ball
3-0: Base on Balls
Batting: LHB Esteban Pérez 0-0: Ball
1-0: Ball
2-0: Called Strike
2-1: Foul Ball, location: 2F
2-2: Ball
3-2: Fly out, F9 (Flyball, 9LSF)
Pitching: RHP David Pérez
Batting: LHB José Mendoza 0-0: Called Strike
0-1: Ball
1-1: Ball
2-1: Ball
3-1: Called Strike
3-2: Foul Ball, location: 2F
3-2: Foul Ball, location: 2F
3-2: Foul Ball, location: 2F
3-2: Base on Balls
Paco Tapia to second
Batting: RHB Emery Cooper 0-0: Called Strike
0-1: Swinging Strike
0-2: Ball
1-2: Strikes out swinging
Top of the 6th over - 0 runs, 0 hits, 0 errors, 2 left on base; Overland Park HS 0 - Maris School 1
BOTTOM OF THE 6TH
Maris School Mariners batting - Pitching for Overland Park HS Triplets : RHP Don White
Batting: SHB Albert Montgomery 0-0: Ball
1-0: Called Strike
1-1: Ground out U3 (Groundball, 3L)
Batting: RHB John Verville 0-0: Called Strike
0-1: Called Strike
0-2: Foul Ball, location: 2F
0-2: Strikes out looking
Batting: RHB Dusty Pope 0-0: Reached on error, E5 (Groundball, 56)
Batting: RHB Ed Lovett 0-0: Called Strike
0-1: Hit by Pitch
Batting: LHB Alexander Randolph 0-0: Foul Ball, location: 2F
0-1: Ball
1-1: Ball
2-1: Ball
3-1: Base on Balls
Dusty Pope to third
Ed Lovett to second
Batting: SHB Rob Nelson 0-0: Ball
1-0: Called Strike
1-1: Foul Ball, location: 2F
1-2: Strikes out swinging
Bottom of the 6th over - 0 runs, 0 hits, 1 error, 3 left on base; Overland Park HS 0 - Maris School 1
TOP OF THE 7TH
Overland Park HS Triplets batting - Pitching for Maris School Mariners : RHP David Pérez
Batting: RHB Alex Moran 0-0: SINGLE (Groundball, 4) (infield hit)
Batting: RHB Scott Hurley 0-0: Foul Ball, location: 2F
0-1: Ball
1-1: Foul Ball, location: 2F
1-2: Strikes out swinging
Batting: RHB Eddie Stanton 0-0: Ball
1-0: Ball
2-0: Ground out U3 (Groundball, 34)
Alex Moran to second
Batting: RHB Al Kelly 0-0: Ball
1-0: Called Strike
1-1: Ball
2-1: Swinging Strike
2-2: Ball
3-2: Base on Balls
Batting: SHB John Hansen 0-0: Ball
1-0: Ball
2-0: SINGLE (Groundball, 6MD)
Alex Moran to third
Al Kelly to second
Runner from 3rd tries for Home, SAFE, throw made home
Batting: RHB Paco Tapia 0-0: Called Strike
0-1: Ball
1-1: Fielders Choice at 2nd, 5-4 (Groundball, 5)
Top of the 7th over - 1 run, 2 hits, 0 errors, 2 left on base; Overland Park HS 1 - Maris School 1
BOTTOM OF THE 7TH
Maris School Mariners batting - Pitching for Overland Park HS Triplets : RHP Don White
Batting: RHB Neal Sánchez 0-0: Ball
1-0: Ball
2-0: Ball
3-0: Called Strike
3-1: Base on Balls
Batting: RHB Grant Reynolds 0-0: Called Strike
0-1: Called Strike
0-2: Foul Ball, location: 2F
0-2: Strikes out swinging
Pitching: LHP Mark Jacobs
Batting: LHB Miguel Martínez 0-0: Ball
1-0: Swinging Strike
1-1: Ball
2-1: Ball
3-1: Called Strike
3-2: Base on Balls
Neal Sánchez to second
Pitching: RHP Ray Taylor
Batting: SHB Albert Montgomery 0-0: Ball
1-0: Ball
2-0: Ball
3-0: Base on Balls
Neal Sánchez to third
Miguel Martínez to second
Batting: RHB John Verville 0-0: Ball
1-0: Called Strike
1-1: Ball
2-1: Ball
3-1: Fly out, F4 (Popup, P)
Batting: RHB Dusty Pope 0-0: Ball
1-0: Ball
2-0: Ball
3-0: Called Strike
3-1: Base on Balls
Neal Sánchez scores
Miguel Martínez to third
Albert Montgomery to second
Batting: RHB Ed Lovett 0-0: Fielders Choice at 2nd, 6-4 (Groundball, 6)
Bottom of the 7th over - 1 run, 0 hits, 0 errors, 3 left on base; Overland Park HS 1 - Maris School 2
TOP OF THE 8TH
Overland Park HS Triplets batting - Pitching for Maris School Mariners : RHP David Pérez
Pitching: RHP Mike Barnes
Batting: LHB Esteban Pérez 0-0: Ball
1-0: Fly out, F6 (Line Drive, 6)
Batting: LHB José Mendoza 0-0: Called Strike
0-1: DOUBLE (Flyball, 7LD)
Batting: RHB Emery Cooper 0-0: Ball
1-0: Ball
2-0: Foul Ball, location: 2F
2-1: Ball
3-1: 2-RUN HOME RUN (Flyball, 7LD), Distance : 370 ft
Batting: RHB Alex Moran 0-0: Ball
1-0: Ball
2-0: Ball
3-0: Called Strike
3-1: Called Strike
3-2: Strikes out swinging
Batting: RHB Scott Hurley 0-0: Called Strike
0-1: Ball
1-1: SINGLE (Groundball, 56D)
Batting: RHB Eddie Stanton 0-0: Ball
1-0: Called Strike
1-1: Foul Ball, location: 2F
1-2: Ball
2-2: Strikes out swinging
Top of the 8th over - 2 runs, 3 hits, 0 errors, 1 left on base; Overland Park HS 3 - Maris School 2
BOTTOM OF THE 8TH
Maris School Mariners batting - Pitching for Overland Park HS Triplets : RHP Ray Taylor
Pitching: RHP Richard Jones
Batting: LHB Alexander Randolph 0-0: Called Strike
0-1: Called Strike
0-2: Ground out 4-3 (Groundball, 34)
Batting: SHB Rob Nelson 0-0: Called Strike
0-1: Ball
1-1: Foul Ball, location: 2F
1-2: Strikes out swinging
Batting: RHB Neal Sánchez 0-0: Foul Ball, location: 2F
0-1: Ball
1-1: Ball
2-1: Ball
3-1: Swinging Strike
3-2: Fly out, F8 (Flyball, 8RD)
Bottom of the 8th over - 0 runs, 0 hits, 0 errors, 0 left on base; Overland Park HS 3 - Maris School 2
TOP OF THE 9TH
Overland Park HS Triplets batting - Pitching for Maris School Mariners : RHP Mike Barnes
Batting: RHB Al Kelly 0-0: Ball
1-0: Called Strike
1-1: Foul Ball, location: 2F
1-2: Ball
2-2: Foul Ball, location: 2F
2-2: Ball
3-2: SINGLE (Groundball, 34D)
Batting: SHB John Hansen 0-0: Called Strike
0-1: Ball
1-1: Ball
2-1: Ball
3-1: Foul Ball, location: 2F
3-2: Strikes out looking
Batting: RHB Paco Tapia 0-0: Ball
1-0: Ball
2-0: Ball
3-0: Called Strike
3-1: Base on Balls
Al Kelly to second
Batting: LHB Esteban Pérez 0-0: Swinging Strike
0-1: Called Strike
0-2: Ball
1-2: Strikes out looking
Batting: LHB José Mendoza 0-0: Foul Ball, location: 2F
0-1: Called Strike
0-2: Ball
1-2: Hit by Pitch
Al Kelly to third
Paco Tapia to second
Batting: RHB Emery Cooper 0-0: Ball
1-0: Swinging Strike
1-1: Swinging Strike
1-2: Ball
2-2: Ball
3-2: Base on Balls
Al Kelly scores
Paco Tapia to third
José Mendoza to second
Batting: RHB Alex Moran 0-0: Ball
1-0: Foul Ball, location: 2F
1-1: Foul Ball, location: 2F
1-2: Ball
2-2: Ball
3-2: Base on Balls
Paco Tapia scores
José Mendoza to third
Emery Cooper to second
Batting: RHB Scott Hurley 0-0: Called Strike
0-1: Ball
1-1: Foul Ball, location: 2F
1-2: Strikes out swinging
Top of the 9th over - 2 runs, 1 hit, 0 errors, 3 left on base; Overland Park HS 5 - Maris School 2
BOTTOM OF THE 9TH
Maris School Mariners batting - Pitching for Overland Park HS Triplets : RHP Richard Jones
Now in RF: Carson Doss
Batting: RHB Grant Reynolds 0-0: Called Strike
0-1: Ball
1-1: Called Strike
1-2: Fly out, F9 (Flyball, 89D)
Batting: LHB Miguel Martínez 0-0: Ball
1-0: Ball
2-0: Called Strike
2-1: Ball
3-1: Foul Ball, location: 2F
3-2: Fly out, F8 (Flyball, 8LS)
Batting: SHB Albert Montgomery 0-0: Swinging Strike
0-1: Ball
1-1: Ball
2-1: Ball
3-1: Foul Ball, location: 2F
3-2: Foul Ball, location: 2F
3-2: Strikes out looking
Bottom of the 9th over - 0 runs, 0 hits, 0 errors, 0 left on base; Overland Park HS 5 - Maris School 2
Saturday, December 16th, 2017 - OOTP Baseball 18.8 Build 76